 Dungeon Crawl Stone Soup version 0.25-a0-1007-g10a8c3caa8 (webtiles) character file.

Game seed: 717299372165615046, levelgen mode: deterministic

34 MisterFreud the Skirmisher (level 3, -9/27 HPs)
             Began as an Octopode Gladiator on May 11, 2020.
             Mangled by Sigmund
             ... wielding a +0 scythe of pain
              (14 damage)
             ... on level 2 of the Dungeon.
             The game lasted 00:01:12 (830 turns).

MisterFreud the Skirmisher (Octopode Gladiator)      Turns: 830, Time: 00:01:12

Health: -9/27      AC:  1    Str: 10    XL:     3   Next: 31%
Magic:  3/3        EV: 14    Int: 11    God:
Gold:   80         SH:  0    Dex: 13    Spells: 2/2 levels left

rFire    . . .     SeeInvis .   a - +0 long sword
rCold    . . .     Gourm    +   (no shield)
rNeg     . . .     Faith    .   b - +0 hat
rPois    .         Spirit   .   n - amulet of the gourmand
rElec    .         Reflect  .   h - -3 ring of strength (curse)
rCorr    .         Harm     .   (no ring)
MR       .....                  (no ring)
Stlth    ++........             (no ring)
HPRegen  0.09/turn              (no ring)
MPRegen  0.08/turn              (no ring)
                                (no ring)
                                (no ring)

@: confused
A: almost no armour, stealthy swim, amphibious, 8 rings, constrict 8, camouflage
1, gelatinous body 1
a: no special abilities


You were on level 2 of the Dungeon.
You were not hungry.

You visited 1 branch of the dungeon, and saw 2 of its levels.

You collected 80 gold pieces.

Inventory:

Hand Weapons
 a - a +0 long sword (weapon)
Missiles
 c - 3 throwing nets (quivered)
 e - 29 arrows
 i - 17 poisoned darts
 l - 5 stones
Armour
 b - a +0 hat (worn)
Jewellery
 h - a cursed -3 ring of strength (left tentacle)
 n - an amulet of the gourmand (around mantle)
Scrolls
 g - a scroll of teleportation
Potions
 f - a potion of invisibility {unknown}
 j - a potion of lignification {unknown}
 k - a potion of brilliance {unknown}
 m - a potion of stabbing {unknown}
Comestibles
 d - 2 rations


   Skills:
 + Level 3.6 Fighting
 - Level 3.0 Long Blades
 - Level 2.0 Throwing
 - Level 3.0 Dodging


You had 2 spell levels left.
You didn't know any spells.
Your spell library was empty.

Dungeon Overview and Level Annotations

Branches:
Dungeon (2/15)

Altars:

Annotations:
D:2 Sigmund


Innate Abilities, Weirdness & Mutations

You cannot wear most types of armour.
You are very stealthy in the water. (Stealth+)
You are amphibious.
You can wear up to eight rings at the same time.
You can use your tentacles to constrict eight enemies at once.
Your skin changes colour to match your surroundings (Stealth+).
Your rubbery body absorbs attacks. (AC +1, EV +1)


Message History

Sigmund is moderately wounded.
You slash Sigmund!
Sigmund is heavily wounded.
You constrict Sigmund. Sigmund misses you.
You slash Sigmund!
Sigmund is almost dead.
You constrict Sigmund. Sigmund casts a spell at you.
You are confused.
You release your grip on Sigmund.
Sigmund gestures at you while chanting. The magic dart hits you!
* * * LOW HITPOINT WARNING * * *
You hit Sigmund. Your squeeze misses Sigmund.
Sigmund is almost dead.
Sigmund misses you.
Okay, then.
Sigmund hits you with a +0 scythe of pain!
Ouch! That really hurt!
You die...

.# ##### ###. #.###
......# ... .....
......###.###.#### .#.##
................>##.....
.......##............ ..
.......#......#....# ..
.......#......#.@..#.##.
...............$@........
....รท.##.....###.....##.#
......##.....###..(..##
......##.....##.........
..................##.##.
.....................# #
####.............#####
#................
#................#


You could see Sigmund.

Vanquished Creatures
  An adder (D:2)
  2 leopard geckos
  2 bats (D:1)
  3 giant cockroaches (D:1)
  5 goblins (D:1)
  2 hobgoblins
  2 frilled lizards (D:1)
  4 kobolds (D:1)
21 creatures vanquished.

Notes
Turn   | Place    | Note
-------+----------+-------------------------------------------
     0 | D:1      | MisterFreud the Octopode Gladiator began the quest for the
                  | Orb.
     0 | D:1      | Reached XP level 1. HP: 14/14 MP: 1/1
   243 | D:1      | Reached XP level 2. HP: 20/20 MP: 2/2
   662 | D:2      | Reached XP level 3. HP: 20/26 MP: 3/3
   820 | D:2      | Noticed Sigmund
   830 | D:2      | Mangled by Sigmund

Illustrated notes

Levels and vault maps discovered:
D:1:      dpeg_arrival_refuge, layout_basic
D:2:      layout_basic, kiku_gazebo_pond_becter, uniq_sigmund, uniq_terence

Skill      XL: |  1  2 |
---------------+-------+-----
Fighting       | 3 |  3.6
Long Blades    | |  3.0
Throwing       | |  2.0
Dodging        | |  3.0

Action                   || total
-------------------------++-------
Melee: Long sword        ||    34
       Constrict         ||    13
       Tentacles         ||     4
  Use: Scroll            ||     1
 Stab: Sleeping          ||    10
  Eat: Chunk             ||     4
Armor: Skin              ||     3
Dodge: Dodged            ||    34
       Rpst.: Long sword ||    13

Table legend:
 A = Non-vault XP
 B = Vault XP
 C = Vault XP percentage of total XP
 D = Non-vault monster count
 E = Vault monster count
 F = Vault count percentage of total count
                 A         B        C        D         E       F
            +---------+---------+-------+---------+---------+-------
      Total |      49 |       0 |   0.0 |      21 |       0 |   0.0
            +---------+---------+-------+---------+---------+-------
        D:1 |      31 |       0 |   0.0 |      18 |       0 |   0.0
        D:2 |      18 |       0 |   0.0 |       3 |       0 |   0.0
            +---------+---------+-------+---------+---------+-------
